 Dungeon Crawl Stone Soup version 0.22.0-60-ga52c2fc (webtiles) character file.

774 Anon1729 the Chopper (level 7, -1/66 HPs)
             Began as a Naga Gladiator on Sept 10, 2018.
             Slain by a wyvern (9 damage)
             ... on level 4 of the Dungeon.
             The game lasted 00:07:48 (3856 turns).

Anon1729 the Chopper (Naga Gladiator)               Turns: 3856, Time: 00:07:49

Health: -1/66      AC: 11    Str: 17    XL:     7   Next: 84%
Magic:  7/7        EV:  4    Int: 10    God:
Gold:   149        SH:  0    Dex: 12    Spells: 6/6 levels left

rFire    . . .     SeeInvis +   l - +3 hand axe
rCold    . . .     Gourm    +   (no shield)
rNeg     . . .     Faith    .   v - +0 plate armour
rPois    +         Spirit   .   c - +0 helmet
rElec    .         Reflect  .   (no cloak)
rCorr    .         Harm     .   g - +0 pair of gloves
MR       .....                  (no barding)
Stlth    ..........             m - amulet of the gourmand
HPRegen  0.21/turn              (no ring)
MPRegen  0.10/turn              (no ring)

@: short of breath, very slightly contaminated, invisible, very slow
A: large, see invisible, deformed body, poison resistance, slowness 2, slow
metabolism 1, spit poison 1, AC +2
a: Spit Poison


You were on level 4 of the Dungeon.
You were very full.

You visited 1 branch of the dungeon, and saw 4 of its levels.

You collected 254 gold pieces.
You spent 105 gold pieces at shops.

Inventory:

Hand Weapons
 a - a +0 war axe
 l - a +3 hand axe (weapon)
 t - a +0 whip of flaming
Missiles
 d - 3 throwing nets (quivered)
 r - 3 tomahawks
Armour
 b - a +0 leather armour
 c - a +0 helmet (worn)
 g - a +0 pair of gloves (worn)
 o - a +0 scale mail
 v - a +0 plate armour (worn)
Jewellery
 m - an amulet of the gourmand (around neck)
Scrolls
 i - 4 scrolls of identify {unknown}
 j - 2 scrolls of amnesia
 k - a scroll of magic mapping {unknown}
 n - 3 scrolls of remove curse
 q - a scroll of random uselessness {unknown}
 u - a scroll of enchant weapon {unknown}
Potions
 e - 2 potions of degeneration {unknown}
 h - 2 potions of curing
 s - a potion of brilliance {unknown}
Comestibles
 f - 6 rations


   Skills:
 + Level 4.4 Fighting
 * Level 6.5 Axes
 - Level 2.0 Throwing
 + Level 3.1 Armour
 - Level 3.0 Dodging


You had 6 spell levels left.
You didn't know any spells.
Your spell library contained the following spells:

 Spells                   Type           Power        Failure   Level  Hunger
 Summon Small Mammal      Summ           #...         100%        1    ##.....
 Call Imp                 Summ           #.......     100%        2    ###....
 Call Canine Familiar     Summ           #.......     100%        3    ####...
 Summon Guardian Golem    Hex/Summ       #.......     100%        3    ####...
 Summon Ice Beast         Ice/Summ       #.......     100%        4    #####..
 Summon Lightning Spire   Summ/Air       #.......     100%        4    #####..


Dungeon Overview and Level Annotations

Branches:
Dungeon (4/15)
 Temple: D:4-7

Altars:
Ru

Shops:
D:4 *


Innate Abilities, Weirdness & Mutations

You cannot wear boots.
Your serpentine skin is tough. (AC +2)
You have supernaturally acute eyesight. (SInv)
Armour fits poorly on your strangely shaped body.
Your system is resistant to poisons. (rPois)
You cover ground very slowly.
You have a slow metabolism.
You can spit poison.


Message History

The wyvern bites you!
* * * LOW HITPOINT WARNING * * *
The wyvern bites you.
* * * LOW HITPOINT WARNING * * *
Unknown command.
Unknown command.
Okay, then.
You aren't carrying any items that you can evoke.
It was a potion of curing.
You feel better.
The wyvern bites you but does no damage.
Okay, then.
It was a potion of invisibility.
You fade into invisibility!
The wyvern bites you!
* * * LOW HITPOINT WARNING * * *
The wyvern barely misses you.
You are very lightly contaminated with residual magic.
Okay, then.
The wyvern bites you!
You die...

..#### #..##.#... # #.
##........ #.#.
##....... ##.#.#
#....... ##.....
#..#.##. ....... #..#.
#. #.....## . ##
#.....l## #+####..####
#...###@##...........#
... #.##...........# #
#..............#
###............#
#............#
#.#.....>....# ###
#.#..........###
#.####.#............#
#...##.#..........#..


You could see a wyvern.

Vanquished Creatures
  Pikel (D:3)
  2 slaves (D:4)
  3 orc wizards
  An iguana (D:4)
  A bullfrog skeleton (D:4)
  A worker ant (D:4)
  Robin (D:2)
  4 adders
  An ooze (D:1)
  A worm (D:4)
  3 dart slugs (D:1)
  5 leopard geckos
  4 orcs (D:3)
  6 giant cockroaches
  19 goblins
  12 hobgoblins
  A quokka (D:2)
  6 bats
  3 frilled lizards
  13 kobolds
  7 rats
95 creatures vanquished.

Vanquished Creatures (others)
  A hound skeleton (D:4)
1 creature vanquished.

Grand Total: 96 creatures vanquished

Notes
Turn   | Place    | Note
-------+----------+-------------------------------------------
     0 | D:1      | Anon1729 the Naga Gladiator began the quest for the Orb.
     0 | D:1      | Reached XP level 1. HP: 19/19 MP: 1/1
   318 | D:1      | Reached XP level 2. HP: 21/26 MP: 2/2
   554 | D:1      | Reached XP level 3. HP: 32/32 MP: 3/3
  1216 | D:2      | Found a sacrificial altar of Ru.
  1227 | D:2      | Reached skill level 1 in Armour
  1227 | D:2      | Reached XP level 4. HP: 29/40 MP: 4/4
  1261 | D:2      | Noticed Robin
  1270 | D:2      | Reached skill level 4 in Axes
  1276 | D:2      | HP: 3/60 [poisoned by a goblin]
  1283 | D:2      | HP: 3/60 [poisoned by a goblin]
  1291 | D:2      | HP: 2/60 [poisoned by a goblin]
  1331 | D:2      | HP: 1/40 [hobgoblin/club (2)]
  1875 | D:3      | Reached XP level 5. HP: 42/48 MP: 5/5
  2008 | D:2      | Killed Robin
  2716 | D:3      | Reached XP level 6. HP: 47/56 MP: 6/6
  3299 | D:4      | Noticed Pikel
  3299 | D:4      | Noticed a slave
  3299 | D:4      | Noticed a slave
  3300 | D:4      | Noticed a slave
  3300 | D:4      | Noticed a slave
  3329 | D:3      | Killed Pikel
  3329 | D:3      | Reached skill level 6 in Axes
  3329 | D:3      | Reached XP level 7. HP: 29/64 MP: 7/7
  3710 | D:4      | Found Nakoe's Assorted Antiques.
  3713 | D:4      | Bought a scroll labeled YCHYLE NIBE for 27 gold pieces
  3713 | D:4      | Bought a scroll labeled YCHYLE NIBE for 27 gold pieces
  3713 | D:4      | Bought a scroll labeled MYKHOI ISHONG for 27 gold pieces
  3713 | D:4      | Bought a white potion for 24 gold pieces
  3846 | D:4      | Noticed a wyvern
  3856 | D:4      | Slain by a wyvern

Skill      XL: |  1  2  3  4  5  6 |
---------------+-------------------+-----
Throwing       | 2 |  2.0
Armour         | 1 3 |  3.1
Axes           | 4 6 |  6.5
Dodging        | 3 |  3.0
Fighting       | 3 4 |  4.4

Action                   |  1- 3 |  4- 6 |  7- 9 || total
-------------------------+-------+-------+-------++-------
Melee: War axe           |    79 |   124 |       ||   203
       Hand axe          |       |    33 |    45 ||    78
 Abil: Spit Poison       |       |     9 |     4 ||    13
  Use: Potion            |       |     2 |     2 ||     4
       Scroll            |       |     3 |       ||     3
 Stab: Sleeping          |     1 |       |       ||     1
       Paralysed         |       |     1 |       ||     1
  Eat: Chunk             |       |     8 |     7 ||    15
Armor: Leather armour    |    14 |       |       ||    14
       Scale mail        |    22 |   119 |    19 ||   160
       Skin              |       |     5 |       ||     5
       Plate armour      |       |       |     4 ||     4
Dodge: Dodged            |    37 |   111 |    15 ||   163
